 Dungeon Crawl Stone Soup version 0.25-a0-667-gb977e01cb5 (webtiles) character file.

Game seed: 15479804419504317147, levelgen mode: deterministic

145559 Ge0ff the Slinger (level 16, -2/144 HPs)
             Began as a Yellow Draconian Arcane Marksman on Mar 27, 2020.
             Was the Champion of Okawaru.
             Engulfed by a cloud of flame (19 damage)
             ... on level 3 of the Shoals.
             The game lasted 01:42:22 (38931 turns).

Ge0ff the Slinger (DrAM)                           Turns: 38931, Time: 01:42:23

Health: -2/144     AC: 15    Str: 16    XL:     16   Next: 87%
Magic:  0/26       EV: 18    Int: 15    God:    Okawaru [******]
Gold:   2138       SH: 14    Dex: 24    Spells: 17/28 levels left

rFire    . . .     SeeInvis .   a - +6 fustibalus (freeze)
rCold    + . .     Gourm    .   J - +1 kite shield {rPois}
rNeg     + + +     Faith    +   (armour unavailable)
rPois    +         Spirit   +   F - +0 hat of Dautuph {+Inv rF- rN+++ Dex+10}
rElec    .         Reflect  .   Y - scarf {Spirit}
rCorr    +         Harm     .   w - +2 pair of gloves {archery}
MR       +....                  c - +2 pair of boots {Fly}
Stlth    +++.......             n - amulet of faith
HPRegen  0.34/turn              U - ring of protection from cold {=R}
MPRegen  0.20/turn              Z - ring of protection from fire

@: finesse, flying, very slightly contaminated, invisible
A: spit acid, unfitting armour, acidic bite, cold-blooded, acid resistance, AC
+9
a: Breathe Acid, Heroism, Finesse, Renounce Religion, Stop Flying


You were on level 3 of the Shoals.
You worshipped Okawaru.
Okawaru was exalted by your worship.
You were very hungry.

You visited 5 branches of the dungeon, and saw 27 of its levels.
You also visited: Ossuary.

You collected 2903 gold pieces.
You spent 765 gold pieces at shops.

Inventory:

Hand Weapons
 a - a +6 fustibalus of freezing (weapon)
 b - a +1 dagger of electrocution
Missiles
 g - a curare-tipped dart {=f}
 j - 65 boomerangs
 l - 4 throwing nets {=f}
 s - 341 stones
 u - 80 poisoned darts
 H - 189 sling bullets (quivered)
 L - 19 javelins
 N - 16 silver boomerangs
 Q - 2 boomerangs of dispersal
Armour
 c - a +2 pair of boots of flying (worn)
 w - a +2 pair of gloves of archery (worn)
 F - the +0 hat of Dautuph (worn) {+Inv rF- rN+++ Dex+10}
   (Okawaru gifted it to you on level 6 of the Lair of Beasts)

   It affects your dexterity (+10).
   It makes you vulnerable to fire.
   It renders you almost immune to negative energy.
   It lets you turn invisible.
 J - a +1 kite shield of poison resistance (worn)
 R - a +0 cloak of poison resistance
 Y - a scarf of spirit shield (worn)
Jewellery
 h - the amulet "Gengumou" {Reflect rElec rN+ SH+6 Stlth+}
   (You found it on level 6 of the Lair of Beasts)

   [amulet of reflection]

   It shields you and reflects attacks.
   It insulates you from electricity.
   It protects you from negative energy.
   It affects your SH (+6).
   It makes you more stealthy.
 n - an amulet of faith (around neck)
 D - an uncursed ring of protection from magic
 U - a ring of protection from cold (left hand) {=R}
 Z - a ring of protection from fire (right hand)
Wands
 d - a wand of digging (2)
 e - a wand of enslavement (6)
 f - a wand of flame (16)
 k - a wand of iceblast (1)
 p - a wand of paralysis (10)
 t - a wand of scattershot (3)
 P - a wand of polymorph (27)
Scrolls
 i - 4 scrolls of identify
 m - 5 scrolls of magic mapping
 y - 2 scrolls of immolation
 B - 3 scrolls of blinking
 C - 10 scrolls of remove curse
 E - 2 scrolls of fear
 S - a scroll of summoning
 T - 9 scrolls of teleportation
 V - 2 scrolls of vulnerability
 X - a scroll of enchant armour
Potions
 q - 10 potions of curing
 z - 2 potions of cancellation {!q}
 G - a potion of invisibility {unknown}
 I - 4 potions of haste {!q}
 K - 2 potions of magic {!q}
 M - 2 potions of might
 W - 10 potions of heal wounds {!q}
Miscellaneous
 v - a lamp of fire (inert)
 O - a box of beasts
Comestibles
 r - 28 rations


   Skills:
 + Level 13.2 Fighting
 - Level 14.0 Slings
 + Level 7.5 Dodging
 - Level 5.0 Stealth
 + Level 12.0 Shields
 + Level 6.8 Spellcasting
 + Level 6.8 Hexes
 - Level 5.0 Charms
 - Level 5.0 Translocations
 - Level 7.0 Invocations
 * Level 12.9 Evocations


You had 17 spell levels left.
You knew the following spells:

 Your Spells              Type           Power        Failure   Level  Hunger
c - Blink                 Tloc           N/A          3%          2    None
f - Cause Fear            Hex            ####......   12%         4    ####...
p - Portal Projectile     Hex/Tloc       ###...       5%          3    ##.....
s - Song of Slaying       Chrm           ###.....     3%          2    None

Your spell library contained the following spells:

 Spells                   Type           Power        Failure   Level  Hunger
 Corona                   Hex            ####...      1%          1    None
 Slow                     Hex            ####....     1%          2    None
 Infusion                 Chrm           ###.         2%          1    None
 Shroud of Golubria       Chrm/Tloc      ###...       3%          2    None
 Confusing Touch          Hex            ####....     3%          3    ##.....
 Tukima's Dance           Hex            ####....     3%          3    ##.....
 Spectral Weapon          Hex/Chrm       ###.....     5%          3    ##.....
 Ensorcelled Hibernation  Hex/Ice        ###...       8%          2    None
 Gell's Gravitas          Tloc           ###.......   8%          3    ##.....
 Dazzling Flash           Conj/Hex       ###...       14%         3    ##.....
 Inner Flame              Hex/Fire       ###.....     14%         3    ##.....
 Summon Guardian Golem    Hex/Summ       ###.....     14%         3    ##.....
 Animate Skeleton         Necr           N/A          21%         1    None
 Magic Dart               Conj           #...         21%         1    None
 Pain                     Necr           #...         21%         1    None
 Sting                    Tmut/Pois      #...         21%         1    None
 Summon Small Mammal      Summ           #...         21%         1    None
 Ozocubu's Armour         Chrm/Ice       ##......     22%         3    ##.....
 Call Imp                 Summ           #.......     30%         2    None
 Poisonous Vapours        Pois/Air       #.....       30%         2    None
 Leda's Liquefaction      Hex/Erth       ###.......   43%         4    ####...
 Call Canine Familiar     Summ           #.......     52%         3    ##.....
 Conjure Flame            Conj/Fire      #.......     52%         3    ##.....
 Ignite Poison            Fire/Tmut/Pois #.......     52%         3    ##.....
 Mephitic Cloud           Conj/Pois/Air  #.......     52%         3    ##.....
 Vampiric Draining        Necr           #.........   52%         3    ##.....
 Metabolic Englaciation   Hex/Ice        ###.......   80%         5    #####..
 Yara's Violent Unravell  Hex/Tmut       ###.......   80%         5    #####..
 Animate Dead             Necr           N/A          89%         4    ####...
 Olgreb's Toxic Radiance  Pois           #.......     89%         4    ####...
 Petrify                  Tmut/Erth      #.......     89%         4    ####...
 Summon Ice Beast         Ice/Summ       #.......     89%         4    ####...
 Summon Lightning Spire   Summ/Air       #.......     89%         4    ####...
 Agony                    Necr           #.......     99%         5    #####..
 Freezing Cloud           Conj/Ice/Air   #.........   100%        6    #######
 Ring of Flames           Chrm/Fire      ##........   100%        7    #######


Dungeon Overview and Level Annotations

Branches:
Dungeon (15/15)            Temple (1/1) D:4            Lair (6/6) D:9
 Shoals (3/4) Lair:2       Spider (0/4) Lair:3        Slime (0/5) Lair:6
    Orc (2/2) D:9             Elf (0/3) Orc:2        Vaults (0/5) D:14
 Depths (0/5) D:15        Ossuary (visited)

Altars:
Cheibriados
Fedhas
Gozag
Kikubaaqudgha
Makhleb
Nemelex Xobeh
Okawaru
Ru
Trog
Vehumet
Beogh

Shops:
D:11 %   D:12 =   D:15 !   Orc:2 *[[(}

Portals:
Trove: D:11 (give 16 scrolls of teleportation)

Annotations:
Lair:1 stash
Shoals:3 Ilsuiw


Innate Abilities, Weirdness & Mutations

You can spit globs of acid.
Your golden yellow scales are hard. (AC +9)
You cannot fit into any form of body armour.
You have acidic saliva.
You are cold-blooded and may be slowed by cold attacks.
You are resistant to acid. (rCorr)


Message History

The faun is engulfed in a cloud of scalding steam.
Flame seeps out of the faun.
The faun shoots a stone.
Flame seeps out of something.
You hear a splash.
Firing (i - inventory. (/) - cycle)
H - 190 sling bullets (quivered)
Press: ? - help, Shift-Dir - straight line, f/p - water nymph
Aim: a water nymph (severely wounded)
You shoot a sling bullet. The sling bullet hits the water nymph!
The sling bullet freezes the water nymph.
You kill the water nymph!
Okawaru accepts your kill.
You hear a splash.
The plant is engulfed in a cloud of scalding steam.
The faun is engulfed in a cloud of scalding steam.
Flame seeps out of the faun.
A merfolk avatar comes into view.
The merfolk impaler hits you from afar with a +3 vorpal trident!!
* * * LOW HITPOINT WARNING * * *
x2 The snapping turtle barely misses you.
You die...

≈≈≈(≈≈≈≈≈.. §
≈≈≈≈≈≈≈≈.. ).
≈≈≈≈≈≈≈.<. §○≈
≈≈≈≈≈≈≈.. §☼(.
.(≈≈§≈≈≈#
○°≈..##§≈§≈≈≈..
m§§≈.m..§≈≈≈≈..
§c≈≈>.§@t≈≈≈P..
≈c≈≈≈{§PP≈≈≈.P.
(≈≈≈c§PP≈≈P≈.PP
≈≈≈≈§PPPP≈P..P#
.≈.≈≈≈≈P≈P≈≈.P#
P..≈..PPP≈≈≈...
##...#....≈....
########.≈≈...


You could see a merfolk avatar (wandering), a merfolk impaler, a snapping turtle
(inner flame) and 3 fauns.

Vanquished Creatures
  Saint Roka (Orc:2)
  Nikola (Shoals:2)
  Rupert (D:13)
  Polyphemus (Shoals:2)
  A frost giant (D:15)
  Azrael (D:13)
  An ettin (Orc:1)
  Snorg (D:13)
  A merfolk javelineer (Shoals:2)
  A merfolk impaler (Shoals:3)
  Josephine (Orc:1)
  4 vault guards (D:14)
  2 catoblepae
  A merfolk avatar (Lair:6)
  12 hydras
  A death knight (D:15)
  16 two-headed ogres
  A satyr (Shoals:3)
  2 merfolk aquamancers (Shoals:1)
  5 centaur warriors
  4 ogre magi
  14 death yaks
  A tengu warrior (D:15)
  Nergalle (D:12)
  A deep elf knight (D:14)
  6 sea snakes
  4 unseen horrors
  2 wizards
  A deep elf archer (D:14)
  5 harpies
  4 orc knights
  An orb spider (Lair:3)
  4 fauns
  2 orc sorcerers
  4 cyclopes
  12 manticores
  2 oklob plants (Lair:6)
  14 ugly things
  12 elephants
  5 merfolk sirens
  Maurice (Orc:1)
  3 black mambas
  4 gargoyles
  4 water nymphs
  A centaur skeleton (D:15)
  8 spiny frogs
  12 komodo dragons
  4 rime drakes
  2 yaktaurs
  An efreet (D:14)
  5 kobold demonologists
  A harpy zombie (D:14)
  10 merfolk
  5 trolls
  A tengu conjurer (D:15)
  4 polar bears (Lair:6)
  11 hippogriffs
  11 blink frogs
  A hornet (D:9)
  4 wind drakes
  5 dream sheep (Lair:6)
  3 slime creatures (D:12)
  A spriggan (D:7)
  4 snapping turtles (Shoals:1)
  2 fire elementals (D:13)
  12 wraiths
  7 wyverns
  6 water elementals (Shoals:1)
  2 shadows
  48 yaks
  3 vampires
  2 hungry ghosts
  A human (D:14)
  3 basilisks
  8 vampire mosquitoes
  3 wargs
  A soldier ant (shapeshifter) (D:14)
  A soldier ant (D:12)
  An acid dragon (D:14)
  4 hell hounds (D:13)
  14 water moccasins
  7 porcupines
  A black bear (D:9)
  6 ice beasts
  39 orc warriors
  A hornet zombie (D:15)
  4 necrophages
  7 phantoms
  3 eyes of draining
  5 sky beasts
  9 centaurs
  15 ogres
  19 crocodiles
  6 wolves
  5 big kobolds
  An elf zombie (D:10)
  15 bullfrogs
  A gnoll sergeant (D:8)
  7 scorpions
  A howler monkey (D:12)
  14 wights
  2 bullfrog zombies (D:12)
  4 centaur zombies
  5 crimson imps
  7 hounds
  4 jellies
  8 human zombies
  22 orc priests
  2 human skeletons (D:10)
  27 orc wizards
  A bullfrog skeleton (D:9)
  Crazy Yiuf (D:3)
  Terence (D:3)
  3 iguanas
  8 worker ants
  3 mummies
  15 gnolls
  A howler monkey skeleton (D:8)
  14 adders
  4 shadow imps
  2 oozes
  6 adder zombies
  An adder skeleton (D:7)
  4 worms
  A dart slug (D:1)
  5 leopard geckos
  92 orcs
  11 bats
  3 giant cockroaches
  6 goblins
  7 hobgoblins
  6 jackals
  19 kobolds
  3 quokkas
  2 ball pythons
  A ball python skeleton (D:4)
  2 frilled lizards (D:3)
  2 goblin zombies (Ossuary)
  16 hobgoblin zombies (Ossuary)
  2 jackal skeletons (D:6)
  2 jackal zombies (Ossuary)
  5 kobold zombies (Ossuary)
  7 orc zombies (Ossuary)
  A quokka zombie (D:7)
  8 rats
  A bush (Shoals:1)
  3 plants
894 creatures vanquished.

Vanquished Creatures (others)
  A sea snake (Shoals:2)
  A cyclops (D:10)
  A bush (Lair:6)
  25 fungi
  13 plants
41 creatures vanquished.

Grand Total: 935 creatures vanquished

Notes
Turn   | Place    | Note
-------+----------+-------------------------------------------
     0 | D:1      | Ge0ff the Draconian Arcane Marksman began the quest for the
                  | Orb.
     0 | D:1      | Reached XP level 1. HP: 16/16 MP: 2/2
    62 | D:1      | Reached skill level 2 in Slings
   243 | D:1      | Reached XP level 2. HP: 23/23 MP: 3/3
   688 | D:1      | Reached skill level 3 in Slings
   733 | D:1      | You fall into a shaft and drop 1 floor!
   814 | D:1      | You fall into a shaft and drop 1 floor!
   906 | D:2      | Reached XP level 3. HP: 21/28 MP: 4/4
  1680 | D:2      | Found a bloodstained altar of Trog.
  1680 | D:2      | Found an iron altar of Okawaru.
  1684 | D:2      | Became a worshipper of Warmaster Okawaru
  1882 | D:2      | Reached XP level 4. HP: 31/35 MP: 5/5
  2052 | D:2      | Reached skill level 4 in Slings
  2414 | D:2      | Reached skill level 1 in Invocations
  2724 | D:3      | Noticed Terence
  2758 | D:3      | Killed Terence
  2758 | D:3      | Reached XP level 5. HP: 39/41 MP: 6/6
  3059 | D:3      | Reached * piety under Okawaru
  3413 | D:3      | Found a runed translucent door.
  3414 | D:3      | Noticed Crazy Yiuf
  3422 | D:3      | Killed Crazy Yiuf
  3497 | D:4      | Found a staircase to the Ecumenical Temple.
  3609 | D:4      | Reached XP level 6. HP: 32/50 MP: 7/7
  3617 | D:3      | Reached skill level 5 in Slings
  4665 | D:5      | Entered Level 5 of the Dungeon
  4717 | D:5      | Found a snail-covered altar of Cheibriados.
  4795 | D:5      | Reached skill level 1 in Shields
  4795 | D:5      | Your scales start taking on a golden yellow colour.
  4795 | D:5      | Reached XP level 7. HP: 58/58 MP: 9/9
  4795 | D:5      | Gained mutation: You are resistant to acid. (rCorr) [Yellow
                  | Draconian growth]
  4810 | D:5      | Found a sand-covered staircase.
  4816 | Ossuary  | Entered an ossuary
  5245 | Ossuary  | Reached skill level 6 in Slings
  5438 | D:5      | Reached ** piety under Okawaru
  5857 | D:5      | Found a sparkling altar of Nemelex Xobeh.
  5902 | Temple   | Entered the Ecumenical Temple
  6114 | D:6      | Reached XP level 8. HP: 66/66 MP: 10/10
  6211 | D:6      | Reached skill level 1 in Evocations
  7341 | D:6      | Found an ancient bone altar of Kikubaaqudgha.
  7426 | D:6      | Reached skill level 7 in Slings
  8311 | D:7      | Reached skill level 5 in Fighting
  8414 | D:7      | Reached *** piety under Okawaru
  8807 | D:7      | Found a burning altar of Makhleb.
  8839 | D:7      | Reached XP level 9. HP: 74/74 MP: 12/12
  9136 | D:7      | Got a polished dagger
  9143 | D:7      | Found a radiant altar of Vehumet.
  9144 | D:7      | Identified the cursed +1 dagger "Listeg" {freeze, *Slow
                  | rPois rF++ Int-3} (You found it on level 7 of the Dungeon)
  9886 | D:8      | Reached skill level 8 in Slings
 10097 | D:8      | Noticed a two-headed ogre
 10104 | D:8      | Noticed a troll
 10106 | D:8      | Noticed a troll
 10110 | D:8      | Noticed a two-headed ogre
 10112 | D:8      | Noticed a two-headed ogre
 10120 | D:8      | Received a gift from Okawaru
 10132 | D:8      | Killed a two-headed ogre
 10132 | D:8      | Reached **** piety under Okawaru
 10132 | D:8      | Received a gift from Okawaru
 10132 | D:8      | Reached skill level 5 in Invocations
 10143 | D:8      | Reached XP level 10. HP: 48/84 MP: 12/14
 10514 | D:8      | Reached skill level 5 in Shields
 10569 | D:8      | Killed a two-headed ogre
 10569 | D:8      | Reached skill level 9 in Slings
 10666 | D:8      | Got a shimmering rapier
 10913 | D:8      | Received a gift from Okawaru
 10913 | D:8      | Reached skill level 5 in Evocations
 11173 | D:8      | Killed a two-headed ogre
 11332 | D:8      | Reached ***** piety under Okawaru
 11402 | D:8      | Learned a level 3 spell: Portal Projectile
 12339 | D:9      | Found a staircase to the Orcish Mines.
 12421 | D:9      | Reached skill level 10 in Slings
 12539 | D:9      | Found a staircase to the Lair.
 12544 | D:9      | Reached XP level 11. HP: 94/94 MP: 15/15
 13254 | D:10     | Entered Level 10 of the Dungeon
 13540 | D:10     | Received a gift from Okawaru
 13550 | D:10     | Got a translucent buckler {god gift}
 13561 | D:10     | Identified the +1 buckler of Cucwi {rF- MR++ Str+3}
                  | (Okawaru gifted it to you on level 10 of the Dungeon)
 14398 | D:10     | Noticed a two-headed ogre
 14417 | D:10     | Killed a two-headed ogre
 14877 | D:10     | Found an ancient bone altar of Kikubaaqudgha.
 15121 | D:11     | Reached skill level 5 in Dodging
 15160 | D:11     | Found a portal to a secret trove of treasure.
 15274 | D:11     | Found Qirett's Food Shoppe.
 15419 | D:11     | Noticed a white ugly thing
 15840 | Lair:1   | Entered Level 1 of the Lair of Beasts
 16489 | Lair:1   | Noticed a seven-headed hydra
 16502 | Lair:1   | Killed a seven-headed hydra
 16502 | Lair:1   | Reached skill level 11 in Slings
 16718 | Lair:1   | Noticed a seven-headed hydra
 16728 | Lair:1   | Killed a seven-headed hydra
 17240 | Lair:2   | Noticed a five-headed hydra
 17254 | Lair:2   | Killed a five-headed hydra
 17254 | Lair:2   | Reached XP level 12. HP: 90/104 MP: 17/17
 17403 | Lair:2   | Received a gift from Okawaru
 17844 | Lair:2   | Received a gift from Okawaru
 18054 | Lair:2   | Received a gift from Okawaru
 18303 | Lair:2   | Found a staircase to the Shoals.
 18541 | Lair:2   | Learned a level 2 spell: Blink
 18713 | Lair:3   | Identified the cursed +3 rapier of the Purse {vorpal, +Fly}
                  | (You found it on level 8 of the Dungeon)
 18808 | Lair:3   | Noticed a death yak
 18808 | Lair:3   | Noticed a death yak
 18820 | Lair:3   | Noticed a death yak
 18823 | Lair:3   | Killed a death yak
 18823 | Lair:3   | Received a gift from Okawaru
 18823 | Lair:3   | Noticed a death yak
 18933 | Lair:3   | Found a hole to the Spider Nest.
 19023 | Lair:3   | Reached skill level 12 in Slings
 19224 | Lair:2   | Reached skill level 10 in Fighting
 19317 | Lair:3   | Noticed a death yak
 19349 | Lair:3   | Noticed a death yak
 19385 | Lair:2   | Killed a death yak
 19385 | Lair:2   | Received a gift from Okawaru
 20160 | Lair:3   | Killed a death yak
 20160 | Lair:3   | Reached XP level 13. HP: 111/113 MP: 19/19
 21291 | Lair:4   | Received a gift from Okawaru
 21397 | Lair:4   | Reached skill level 13 in Slings
 21750 | Lair:4   | Reached ****** piety under Okawaru
 22760 | Lair:5   | Received a gift from Okawaru
 23013 | Lair:5   | Reached skill level 1 in Translocations
 23281 | Lair:6   | Entered Level 6 of the Lair of Beasts
 23366 | Lair:6   | Got a brightly glowing diamond amulet
 23614 | Lair:6   | Learned a level 2 spell: Song of Slaying
 23834 | Lair:6   | Reached skill level 1 in Charms
 24266 | Lair:6   | Gained mutation: You have acidic saliva. [Yellow Draconian
                  | growth]
 24266 | Lair:6   | Reached XP level 14. HP: 124/124 MP: 21/21
 24444 | Lair:6   | Reached skill level 10 in Shields
 24470 | Lair:6   | Found a staircase to the Slime Pits.
 24518 | Lair:6   | Received a gift from Okawaru
 24523 | Lair:6   | Got a slimy hat {god gift}
 24536 | Lair:6   | Identified the +0 hat of Dautuph {+Inv rF- rN+++ Dex+10}
                  | (Okawaru gifted it to you on level 6 of the Lair of Beasts)
 24702 | Lair:6   | Identified the amulet "Gengumou" {Reflect rElec rN+ SH+6
                  | Stlth+} (You found it on level 6 of the Lair of Beasts)
 25812 | D:12     | Found Beewin's Jewellery Shop.
 26041 | D:12     | Reached skill level 10 in Evocations
 26158 | D:12     | Reached skill level 1 in Stealth
 26232 | D:12     | Bought an uncursed ring of protection from cold for 275
                  | gold pieces
 26433 | D:12     | Received a gift from Okawaru
 26652 | D:12     | Noticed Nergalle
 26661 | D:12     | Killed Nergalle
 26661 | D:12     | Received a gift from Okawaru
 27054 | D:12     | Reached skill level 14 in Slings
 27683 | D:13     | Received a gift from Okawaru
 27759 | D:13     | Noticed Rupert
 27764 | D:13     | Paralysed by Rupert for 6 turns
 27790 | D:13     | Killed Rupert
 28120 | D:13     | Noticed Snorg
 28130 | D:13     | Killed Snorg
 28164 | D:13     | Received a gift from Okawaru
 28246 | D:13     | Reached skill level 5 in Charms
 28246 | D:13     | Reached XP level 15. HP: 132/132 MP: 22/22
 28414 | D:13     | Reached skill level 5 in Hexes
 28895 | D:13     | Noticed Azrael
 28909 | D:13     | Killed Azrael
 28909 | D:13     | Received a gift from Okawaru
 29924 | D:14     | Received a gift from Okawaru
 30347 | D:14     | Reached skill level 5 in Translocations
 30740 | D:14     | Found a gate to the Vaults.
 31218 | D:14     | Reached skill level 5 in Spellcasting
 31239 | D:14     | Learned a level 4 spell: Cause Fear
 31476 | D:15     | Entered Level 15 of the Dungeon
 31501 | D:15     | Found Meotaesch's Distillery.
 31691 | D:15     | Bought a potion of cancellation for 80 gold pieces
 32236 | D:15     | Identified a scroll of acquirement
 32236 | D:15     | Identified the +3 hunting sling "Mibirch" {flame, rElec
                  | MR++ Str-2} (You acquired it on level 15 of the Dungeon)
 32236 | D:15     | Identified the +0 kite shield "Hunk" {Str+3} (You acquired
                  | it on level 15 of the Dungeon)
 32236 | D:15     | Identified the ring of Fosil {Ice rN+} (You acquired it on
                  | level 15 of the Dungeon)
 32509 | D:15     | Found a staircase to the Depths.
 32543 | D:15     | Received a gift from Okawaru
 32552 | D:15     | Noticed a frost giant
 32645 | D:15     | Killed a frost giant
 33427 | Orc:1    | Entered Level 1 of the Orcish Mines
 33458 | Orc:1    | Noticed Josephine
 33480 | Orc:1    | Received a gift from Okawaru
 33480 | Orc:1    | Reached XP level 16. HP: 126/141 MP: 19/24
 33491 | Orc:1    | Killed Josephine
 33969 | Orc:2    | Entered Level 2 of the Orcish Mines
 33997 | Orc:1    | Noticed Maurice
 33999 | Orc:1    | Reached skill level 5 in Stealth
 34099 | Orc:1    | Killed Maurice
 34233 | Orc:2    | Noticed Saint Roka
 34248 | Orc:2    | Killed Saint Roka
 34248 | Orc:2    | Received a gift from Okawaru
 34368 | Orc:2    | Found Zojaew's Antique Armour Emporium.
 34369 | Orc:2    | Found a roughly hewn altar of Beogh.
 34373 | Orc:2    | Found Sihawk's Antique Weapon Shoppe.
 34743 | Orc:2    | Paralysed by an orc sorcerer for 7 turns
 34752 | Orc:2    | Found a staircase to the Elven Halls.
 34927 | Orc:2    | Found Yxoam's Gadget Boutique.
 35103 | Orc:2    | Found a roughly hewn altar of Beogh.
 35137 | Orc:2    | Found a roughly hewn altar of Beogh.
 35188 | Orc:2    | Found Jepuu's Assorted Antiques.
 35199 | Orc:2    | Bought a scroll of identify for 74 gold pieces
 35199 | Orc:2    | Bought a scroll labeled KUUMOU YPOU for 37 gold pieces
 35199 | Orc:2    | Bought a wand of flame (8) for 37 gold pieces
 35331 | Orc:2    | Bought a glowing kite shield for 262 gold pieces
 35366 | Orc:2    | Found a roughly hewn altar of Beogh.
 35645 | Orc:2    | Found a roughly hewn altar of Beogh.
 35662 | Orc:2    | Found Lopna's Armour Emporium.
 35846 | Shoals:1 | Entered Level 1 of the Shoals
 36021 | Shoals:1 | Got a brightly glowing long sword
 37109 | Shoals:2 | Noticed Polyphemus
 37141 | Shoals:2 | Received a gift from Okawaru
 37155 | Shoals:2 | Killed Polyphemus
 38597 | Shoals:2 | Noticed Nikola
 38611 | Shoals:2 | Killed Nikola
 38898 | Shoals:3 | Noticed Ilsuiw
 38931 | Shoals:3 | Engulfed by a cloud of flame

Levels and vault maps discovered:
D:1:      tarquinn_simple_flora_water_b, layout_loops_ring, st_stairs_6
D:2:      layout_loops_ring, gammafunk_temple_overflow_wave, minmay_circle_x
D:3:      layout_loops_cross, first_ration, uniq_crazy_yiuf_cottage,
          uniq_terence
D:4:      layout_basic, minmay_temple_entry_from_below_a
D:5:      layout_rooms, nemelex_xobeh_ov_fountains_minmay,
          lemuel_coloured_pillars_altar, enter_ossuary_5, minmay_misc_feat_tower
D:6:      layout_layer_cave, overflow_temple_1_default, minivault_22,
          kennysheep_cluttered_room, serial_bayou_pond_b
D:7:      layout_basic, kennysheep_mini_moat, basic_altar, the_bakery
D:8:      minmay_the_grid_triangle_9x9_recursive_2
          [minmay_the_grid_triangle_9x9_prize_top_heavy,
          minmay_the_grid_triangle_9x9_sprig,
          minmay_the_grid_triangle_9x9_corruption,
          minmay_the_grid_triangle_9x9_skeleton], layout_rooms, nrook_campfire,
          minmay_misc_feat_encased, grunt_tough_drop
D:9:      layout_long_grid, grunt_lair_entry_orc_guard_hut, david_orc_2
D:10:     layout_stronghold, lemuel_mausoleum_altar_kikubaaqudgha
D:11:     layout_roguey, enter_trove_3, serial_shops, nicolae_shop_crystal
D:12:     layout_long_grid, serial_shops, shop, uniq_nergalle
D:13:     layout_basic, uniq_rupert, uniq_snorg, uniq_azrael
D:14:     layout_long_grid, grunt_vaults_entry_fortified,
          infiniplex_staircase_pillars_1, kennysheep_decorative_pillar,
          roderic_roman_lattice
D:15:     grunt_enter_depths_snipers, layout_loops_ring, nicolae_wwwww,
          serial_shops, nicolae_shop_stone, minmay_door_square
Temple:   lightli_temple_of_artemis
Lair:1:   layout_cave_pods
Lair:2:   layout_hall_layers, elwin_shoals_entry_stream
Lair:3:   layout_gridlike, nicolae_spider_entry_orb_guardian, grunt_megastairs_1
Lair:4:   layout_small_grid, grunt_megastairs_2, lemuel_fruit_tree
Lair:5:   layout_cave_pods
Lair:6:   gammafunk_lair_ancient_temple, layout_regular_city,
          minmay_slime_entry_oklob_open
Shoals:1: layout_shoals, yaktaur_hedge
Shoals:2: layout_shoals, uniq_polyphemus, uniq_nikola
Shoals:3: layout_shoals, st_cyclops, uniq_ilsuiw
Orc:1:    layout_caves, uniq_maurice, uniq_josephine
Orc:2:    grunt_orc_community_town_hall, layout_caves,
          grunt_orc_community_big_house_1, grunt_orc_community_big_house_2,
          grunt_orc_community_house_1, grunt_orc_community_house_3,
          grunt_orc_community_house_1, grunt_orc_community_house_2,
          grunt_orc_community_house_2, grunt_orc_community_house_1,
          serial_shops, shop_fountains

Skill      XL: |  1  2  3  4  5  6  7  8  9 10 11 12 13 14 15 16 |
---------------+-------------------------------------------------+-----
Slings         | 2 3 4 5 6 7 8 10 11 12 13 14 | 14.0
Invocations    | 1 2 3 4 5 7 |  7.0
Fighting       | 2 3 4 5 6 7 9 10 11 12 13 | 13.2
Shields        | 1 2 3 4 6 7 8 9 10 11 12 | 12.0
Dodging        | 2 3 4 5 6 7 |  7.5
Evocations     | 2 4 5 7 8 9 10 11 12 | 12.9
Hexes          | 3 4 5 6 |  6.8
Translocations | 2 4 5 |  5.0
Spellcasting   | 2 4 5 6 |  6.8
Charms         | 1 5 |  5.0
Stealth        | 2 4 5 |  5.0

Action                   |  1- 3 |  4- 6 |  7- 9 | 10-12 | 13-15 | 16-18 || total
-------------------------+-------+-------+-------+-------+-------+-------++-------
Melee: Unarmed           |    39 |       |       |       |       |    42 ||    81
       Tailslap          |    11 |       |     3 |     2 |       |    15 ||    31
       Dagger            |    70 |       |    24 |     4 |       |    10 ||   108
       Trident           |       |       |       |     8 |       |       ||     8
       Fustibalus        |       |       |       |       |     2 |       ||     2
       Bite              |       |       |       |       |       |    12 ||    12
 Fire: Hunting sling     |   103 |   280 |   710 |  1057 |       |       ||  2150
       Fustibalus        |       |       |       |   163 |  1428 |   617 ||  2208
Throw: Dart              |    25 |    11 |    11 |    40 |    10 |       ||    97
       Boomerang         |       |       |       |     1 |     1 |       ||     2
 Cast: Song of Slaying   |       |       |       |       |    25 |    21 ||    46
       Blink             |       |       |       |       |       |     1 ||     1
Invok: Heroism           |       |       |     1 |    13 |     7 |       ||    21
       Finesse           |       |       |       |       |     3 |     4 ||     7
 Abil: Breathe Acid      |       |       |    29 |    61 |    20 |     7 ||   117
       Stop Flying       |       |       |       |       |     1 |       ||     1
       Evoke Invisibilit |       |       |       |       |       |     2 ||     2
       Evoke Flight      |       |       |       |       |       |     1 ||     1
Evoke: Wand              |       |       |       |     4 |     8 |    11 ||    23
       Lamp of fire      |       |       |       |       |     1 |     2 ||     3
       Tin of tremorston |       |       |       |       |       |     3 ||     3
  Use: Scroll            |       |     8 |     6 |    14 |    13 |     2 ||    43
       Potion            |       |       |       |       |       |     1 ||     1
 Stab: Confused          |       |       |       |       |       |     1 ||     1
  Eat: Ration            |     1 |       |     3 |     5 |     3 |       ||    12
       Chunk             |       |     7 |    14 |    24 |    36 |    15 ||    96
Armor: Skin              |    63 |    47 |    88 |   108 |    83 |    35 ||   424
Dodge: Dodged            |   138 |    57 |   141 |   209 |   146 |    70 ||   761
Block: Kite shield       |       |     4 |   185 |    82 |       |    67 ||   338
       Reflection        |       |       |       |     5 |       |       ||     5
       Buckler           |       |       |       |   160 |   116 |    22 ||   298

Table legend:
 A = Non-vault XP
 B = Vault XP
 C = Vault XP percentage of total XP
 D = Non-vault monster count
 E = Vault monster count
 F = Vault count percentage of total count
                 A         B        C        D         E       F
            +---------+---------+-------+---------+---------+-------
      Total |  147377 |   60565 |  29.1 |     648 |     244 |  27.4
            +---------+---------+-------+---------+---------+-------
        D:1 |      29 |       5 |  14.7 |      15 |       3 |  16.7
        D:2 |     100 |      26 |  20.6 |      20 |       9 |  31.0
        D:3 |     139 |      72 |  34.1 |      24 |       2 |   7.7
        D:4 |     332 |       0 |   0.0 |      17 |       0 |   0.0
        D:5 |     533 |       3 |   0.6 |      12 |       1 |   7.7
        D:6 |     799 |      35 |   4.2 |      24 |       2 |   7.7
        D:7 |    1021 |     234 |  18.6 |      23 |       1 |   4.2
        D:8 |    1164 |    4587 |  79.8 |      27 |      18 |  40.0
        D:9 |    1352 |     824 |  37.9 |      20 |      12 |  37.5
       D:10 |    3930 |     783 |  16.6 |      26 |      12 |  31.6
       D:11 |    2610 |       0 |   0.0 |      11 |       0 |   0.0
       D:12 |   13118 |     816 |   5.9 |      47 |       1 |   2.1
       D:13 |    9630 |    6524 |  40.4 |      48 |       9 |  15.8
       D:14 |   13763 |    8283 |  37.6 |      46 |      10 |  17.9
       D:15 |   18718 |    2774 |  12.9 |      42 |       3 |   6.7
     Lair:1 |    3699 |       0 |   0.0 |      11 |       0 |   0.0
     Lair:2 |    7098 |    1485 |  17.3 |      17 |       5 |  22.7
     Lair:3 |   12519 |    1595 |  11.3 |      36 |       5 |  12.2
     Lair:4 |    5614 |     683 |  10.8 |      23 |       3 |  11.5
     Lair:5 |    3459 |       0 |   0.0 |      11 |       0 |   0.0
     Lair:6 |   13632 |    9401 |  40.8 |      43 |      26 |  37.7
   Shoals:1 |   11634 |     343 |   2.9 |      27 |       1 |   3.6
   Shoals:2 |   11155 |    9688 |  46.5 |      22 |       6 |  21.4
   Shoals:3 |    2221 |    1377 |  38.3 |       4 |       2 |  33.3
      Orc:1 |    5169 |    2557 |  33.1 |      33 |       7 |  17.5
      Orc:2 |    3939 |    8260 |  67.7 |      19 |      67 |  77.9
    Ossuary |       0 |     210 | 100.0 |       0 |      39 | 100.0
            +---------+---------+-------+---------+---------+-------
